 Dungeon Crawl Stone Soup version 0.24.1-4-ge52af88ad5 (webtiles) character file.

Game seed: 4091131779351309519, levelgen mode: deterministic

42334 Curus the Warrior (level 13, -10/130 HPs)
             Began as a Minotaur Berserker on Apr 13, 2020.
             Was the Champion of Trog.
             Killed from afar by a lindwurm (24 damage)
             ... with a blast of flame
             ... on level 6 of the Lair of Beasts.
             The game lasted 01:35:34 (16107 turns).

Curus the Warrior (Minotaur Berserker)             Turns: 16107, Time: 01:35:34

Health: -10/130    AC: 11    Str: 22    XL:     13   Next: 84%
Magic:  5/5        EV: 22    Int:  7    God:    Trog [******]
Gold:   543        SH:  0    Dex: 14    Spells: 12/12 levels left

rFire    . . .     SeeInvis .   F - +4 trident (antimagic)
rCold    . . .     Gourm    .   (no shield)
rNeg     . . .     Faith    +   g - +1 ring mail
rPois    .         Spirit   .   (helmet restricted)
rElec    .         Reflect  .   T - scarf {repulsion}
rCorr    .         Harm     .   (no gloves)
MR       ++...                  K - +0 pair of boots
Stlth    ++........             E - amulet of faith
HPRegen  1.31/turn              l - ring of stealth
MPRegen  0.09/turn              u - +2 ring of protection

@: regenerating, repel missiles
A: retaliatory headbutt, horns 2, repulsion field 1, icy blue scales 1, thin
skeletal structure 1
a: Berserk, Trog's Hand, Brothers in Arms, Renounce Religion


You were on level 6 of the Lair of Beasts.
You worshipped Trog.
Trog was exalted by your worship.
You were not hungry.

You visited 2 branches of the dungeon, and saw 17 of its levels.
You also visited: Ice Cave.

You collected 1066 gold pieces.
You spent 523 gold pieces at shops.

Inventory:

Hand Weapons
 a - a +2 spear
 k - the +0 war axe "Wucvy" {pain, Str+4}
   (You found it on level 4 of the Dungeon)

   In the hands of one skilled in necromantic magic, it inflicts extra damage on
   living creatures.
   It affects your strength (+4).
 t - a +1 trident
 D - a +4 antimagic glaive
 F - a +4 antimagic trident (weapon)
 I - a +7 antimagic glaive
 O - a +4 glaive of venom
 Y - a +2 longbow of flaming
 Z - a cursed -2 bardiche
Armour
 b - a +0 animal skin
 d - a +0 leather armour
 g - a +1 ring mail (worn)
 h - a +1 cloak
 v - the +1 scale mail of Xom's Castigation {+Inv rN+ MR- MP+9}
   (You found it on level 5 of the Dungeon)

   It protects you from negative energy.
   It affects your resistance to hostile enchantments.
   It affects your magic capacity (+9).
   It lets you turn invisible.
 z - a +1 cloak of magic resistance
 K - a +0 pair of boots (worn)
 T - a scarf of repulsion (worn)
Jewellery
 e - an uncursed ring of magical power
 l - a ring of stealth (left hand)
 u - a +2 ring of protection (right hand)
 y - an uncursed ring of teleportation
 A - an uncursed ring of wizardry
 E - an amulet of faith (around neck)
 Q - an uncursed ring of ice
 S - an uncursed ring of see invisible
 W - a -3 ring of strength
Wands
 s - a wand of flame (20)
 w - a wand of disintegration (36)
 B - a wand of paralysis (16)
 H - a wand of scattershot (1)
 L - a wand of polymorph (27)
 M - a wand of enslavement (3)
 R - a wand of acid (13)
 U - a wand of iceblast (5)
Scrolls
 f - 5 scrolls of teleportation
 n - 8 scrolls of identify
 o - a scroll of blinking
 C - 2 scrolls of magic mapping
 N - 2 scrolls of fear
 V - 4 scrolls of remove curse
Potions
 i - a potion of cancellation
 j - 5 potions of curing
 m - 5 potions of agility
 p - 2 potions of might
 q - 2 potions of invisibility
 r - 3 potions of heal wounds
 x - 5 potions of brilliance
 G - 2 potions of berserk rage
 J - 2 potions of magic
 P - a potion of haste
Comestibles
 c - 21 rations


   Skills:
 + Level 16.5 Fighting
 - Level 14.0 Polearms
 - Level 2.4 Armour
 + Level 15.1 Dodging
 - Level 5.9 Evocations


You had 12 spell levels left.
You didn't know any spells.
Your spell library was empty.

Dungeon Overview and Level Annotations

Branches:
Dungeon (11/15)            Temple (0/1) D:5            Lair (6/6) D:11
  Swamp (0/4) Lair:3        Snake (0/4) Lair:2        Slime (0/5) Lair:5
    Orc (0/2) D:10          IceCv (visited)

Altars:
Fedhas
Uskayaw
Jiyva

Shops:
D:5 *:**}   D:7 [   D:10 *

Annotations:
Lair:1 2 runed translucent doors, Curus's ghost, novice MiMo


Innate Abilities, Weirdness & Mutations

You reflexively headbutt those who attack you in melee.
You have a pair of horns on your head.
You are surrounded by a mild repulsion field. (EV +2)
You are partially covered in icy blue scales. (AC +2)
You have a somewhat thin skeletal structure. (Dex +2, Stealth)


Message History

You hit the steam dragon.
The steam dragon is moderately wounded.
You puncture the steam dragon!
The steam dragon is severely wounded.
The lindwurm barely misses you. The lindwurm misses you. x2
The steam dragon bites you but does no damage.
The steam dragon closely misses you.
You impale the steam dragon!!
You kill the steam dragon!
Trog accepts your kill. The lindwurm bites you!
* * * LOW HITPOINT WARNING * * *
The lindwurm completely misses you. x2
You hit the lindwurm.
The lindwurm is lightly wounded.
You hit the lindwurm. You headbutt the lindwurm.
The lindwurm is moderately wounded.
The lindwurm breathes flames at you. The blast of flame hits you!!
You die...

........## ........ .........###
#....D. ...........## ....k
............# .... ............##
#..# ........P....# #†.#
......####...###)##
.......##.#.###k#.#
............##..@##.. ###.....
............P....................
.................................
........#####....................
.........# ####.................
.........####P##.................
...........##.P.....#............
...........##.P..................
.....#...#..#...................P


You could see a lindwurm.

Vanquished Creatures
  A frost giant (IceCv)
  A fire dragon (Lair:1)
  Harold (D:9)
  2 hydras
  2 death yaks (IceCv)
  4 elephants (Lair:6)
  5 black mambas
  A molten gargoyle (Lair:6)
  An ice statue (IceCv)
  6 spiny frogs
  5 komodo dragons
  A rime drake (Lair:1)
  A troll (D:7)
  16 polar bears
  Prince Ribbit (D:9)
  5 dream sheep (Lair:4)
  14 blink frogs
  5 bog bodies (Lair:3)
  10 hippogriffs
  A wraith (D:10)
  39 yaks
  A human (D:7)
  4 basilisks
  2 wyverns
  3 hogs (D:7)
  A steam dragon (Lair:6)
  Grum (D:8)
  3 nagas (Lair:2)
  A hell hound (Lair:6)
  12 water moccasins
  3 porcupines
  7 orc warriors
  3 sky beasts
  11 ice beasts
  2 black bears
  11 necrophages
  An eye of draining (D:9)
  4 ogres
  24 wolves
  13 crocodiles
  A centaur (D:10)
  A big kobold (D:7)
  16 bullfrogs
  A wyvern skeleton (D:9)
  6 scorpions
  10 killer bees
  3 howler monkeys
  3 wights (D:8)
  An electric eel (Lair:3)
  2 crimson imps
  A quasit (D:9)
  Crazy Yiuf (D:2)
  A bullfrog zombie (D:10)
  2 centaur zombies
  2 jellies
  4 centaur skeletons
  13 orc priests
  4 hounds
  13 orc wizards
  A bullfrog skeleton (D:5)
  Jessica (D:2)
  4 iguanas
  8 worker ants
  Natasha (thrice) (D:3)
  A killer bee zombie (D:7)
  A hound zombie (D:7)
  A worker ant zombie (D:7)
  A howler monkey zombie (D:5)
  10 gnolls
  2 howler monkey skeletons
  14 adders
  A shadow imp (D:8)
  An adder skeleton (D:5)
  2 worms
  3 dart slugs
  8 leopard geckos
  55 orcs
  5 ball pythons
  4 giant cockroaches
  5 hobgoblins
  18 jackals
  14 kobolds
  5 quokkas
  A ball python skeleton (D:4)
  7 bats
  6 frilled lizards
  A giant cockroach zombie (D:6)
  7 goblins
  A leopard gecko skeleton (D:4)
  9 rats
  A bush (D:7)
  A fungus (Lair:4)
516 creatures vanquished.

Vanquished Creatures (others)
  A hell hound (Lair:6)
  A quokka (D:5)
  A fungus (Lair:4)
3 creatures vanquished.

Grand Total: 519 creatures vanquished

Notes
Turn   | Place    | Note
-------+----------+-------------------------------------------
     0 | D:1      | Curus the Minotaur Berserker began the quest for the Orb.
     0 | D:1      | Reached XP level 1. HP: 19/19 MP: 0/0
    87 | D:1      | Reached XP level 2. HP: 26/26 MP: 1/1
   295 | D:1      | Reached skill level 5 in Polearms
   521 | D:1      | Reached XP level 3. HP: 31/31 MP: 2/2
   535 | D:1      | Reached ** piety under Trog
  1043 | D:2      | Noticed Jessica
  1051 | D:2      | Killed Jessica
  1051 | D:2      | Reached XP level 4. HP: 39/39 MP: 3/3
  1542 | D:2      | You fall into a shaft and drop 1 floor!
  1542 | D:3      | Found a faded altar of an unknown god.
  1713 | D:3      | Noticed a bullfrog
  1720 | D:3      | Killed a bullfrog
  1720 | D:3      | Reached XP level 5. HP: 43/45 MP: 4/4
  1803 | D:3      | Noticed Natasha
  1815 | D:3      | Killed Natasha
  1918 | D:2      | Found a runed translucent door.
  1919 | D:2      | Noticed Crazy Yiuf
  1929 | D:2      | Killed Crazy Yiuf
  1929 | D:2      | Reached XP level 6. HP: 24/51 MP: 5/5
  2103 | D:3      | Reached *** piety under Trog
  2326 | D:3      | Noticed Natasha
  2331 | D:3      | Killed Natasha
  2419 | D:4      | Got a warped war axe
  2635 | D:4      | Reached XP level 7. HP: 44/57 MP: 6/6
  2876 | D:3      | Noticed Natasha
  2885 | D:3      | Killed Natasha
  3051 | D:5      | Entered Level 5 of the Dungeon
  3051 | D:5      | Found Tatzoash's Book Emporium.
  3066 | D:5      | Found Ficet's General Store.
  3072 | D:5      | Bought a scroll of identify for 28 gold pieces
  3072 | D:5      | Bought a scroll of identify for 28 gold pieces
  3111 | D:5      | Found Jyazouh's Assorted Antiques.
  3114 | D:5      | Bought a scroll labeled KEEKLU PANADU for 32 gold pieces
  3114 | D:5      | Bought 2 bubbling puce potions for 57 gold pieces
  3114 | D:5      | Bought 2 bubbling brown potions for 57 gold pieces
  3114 | D:5      | Bought a bubbling puce potion for 28 gold pieces
  3173 | D:5      | Found Peuq's Gadget Emporium.
  3249 | D:5      | Reached skill level 10 in Polearms
  3394 | D:5      | Identified the +0 war axe "Wucvy" {pain, Str+4} (You found
                  | it on level 4 of the Dungeon)
  3437 | D:6      | Reached XP level 8. HP: 64/64 MP: 7/7
  3462 | D:6      | Reached **** piety under Trog
  3550 | D:6      | Identified the +2 robe of the Tick {Regen+ Str+3}
  3583 | D:6      | Reached skill level 4 in Fighting
  3905 | D:5      | Found a staircase to the Ecumenical Temple.
  3992 | D:5      | Reached skill level 5 in Fighting
  4084 | D:5      | Found Fixon's Assorted Antiques.
  4089 | D:5      | Bought a lumpy emerald potion for 27 gold pieces
  4089 | D:5      | Gained mutation: You have large cloven feet. [potion of
                  | mutation]
  4089 | D:5      | Gained mutation: You are clumsy. (Dex -2) [potion of
                  | mutation]
  4089 | D:5      | Gained mutation: Your spells are a little harder to cast,
                  | but a little more powerful. [potion of mutation]
  4193 | D:5      | Got a transparent scale mail
  4333 | D:5      | Identified the +1 scale mail of Xom's Castigation {+Inv rN+
                  | MR- MP+9} (You found it on level 5 of the Dungeon)
  4408 | D:6      | Received a gift from Trog
  4575 | D:7      | Reached skill level 6 in Fighting
  4591 | D:7      | Reached skill level 5 in Dodging
  4652 | D:7      | Reached XP level 9. HP: 77/78 MP: 8/8
  4702 | D:7      | Noticed a troll
  4715 | D:7      | Killed a troll
  4715 | D:7      | Reached skill level 7 in Fighting
  4946 | D:7      | Found a blossoming altar of Fedhas.
  5176 | D:7      | Reached skill level 8 in Fighting
  5179 | D:7      | Reached ***** piety under Trog
  5213 | D:7      | Found Hunlam's Armour Emporium.
  5459 | D:7      | Reached skill level 9 in Fighting
  5807 | D:7      | Reached XP level 10. HP: 91/91 MP: 9/9
  6142 | D:8      | Reached skill level 10 in Fighting
  6253 | D:7      | Bought a +0 cloak of magic resistance for 138 gold pieces
  6433 | D:8      | Noticed Grum
  6447 | D:8      | Received a gift from Trog
  6462 | D:8      | Killed Grum
  7210 | D:9      | Noticed Harold
  7224 | D:9      | Killed Harold
  7224 | D:9      | Reached skill level 11 in Fighting
  7224 | D:9      | Reached skill level 10 in Dodging
  7406 | D:9      | Noticed Prince Ribbit
  7411 | D:9      | Killed Prince Ribbit
  7447 | D:9      | Found a hide-covered altar of Uskayaw.
  8038 | D:9      | Lost mutation: You are clumsy. (Dex -2) [potion of
                  | mutation]
  8038 | D:9      | Lost mutation: Your spells are a little harder to cast, but
                  | a little more powerful. [potion of mutation]
  8038 | D:9      | Lost mutation: You have large cloven feet. [potion of
                  | mutation]
  8038 | D:9      | Gained mutation: You are surrounded by a mild repulsion
                  | field. (EV +2) [potion of mutation]
  8038 | D:9      | Gained mutation: You have a somewhat thin skeletal
                  | structure. (Dex +2, Stealth) [potion of mutation]
  8038 | D:9      | Gained mutation: You are partially covered in icy blue
                  | scales. (AC +2) [potion of mutation]
  8040 | D:10     | Entered Level 10 of the Dungeon
  8114 | D:10     | Reached skill level 12 in Fighting
  8115 | D:10     | Reached XP level 11. HP: 49/104 MP: 3/10
  8171 | D:10     | Found Guhupox's Assorted Antiques.
  8354 | D:10     | Bought a scroll labeled GUMUTA RODE for 32 gold pieces
  8354 | D:10     | Bought a scroll of teleportation for 96 gold pieces
  8377 | D:10     | Found a staircase to the Orcish Mines.
  8489 | D:10     | Received a gift from Trog
  8823 | D:11     | Found a staircase to the Lair.
  8833 | Lair:1   | Entered Level 1 of the Lair of Beasts
  8851 | Lair:1   | Reached skill level 1 in Evocations
  9515 | Lair:1   | Noticed a fire dragon
  9529 | Lair:1   | HP: 5/105 [fire dragon/blast of flame (50)]
  9530 | Lair:1   | HP: 1/105 [fire dragon (4)]
  9533 | Lair:1   | Killed a fire dragon
  9780 | Lair:1   | Found a large runed translucent door.
  9781 | Lair:1   | Found a large runed translucent door.
  9784 | Lair:1   | Noticed Curus's ghost (novice MiMo)
  9998 | Lair:2   | Reached skill level 5 in Evocations
 10154 | Lair:2   | Found a staircase to the Snake Pit.
 10811 | Lair:3   | Found a frozen archway.
 10817 | Lair:3   | Reached XP level 12. HP: 112/112 MP: 5/15
 10847 | IceCv    | Entered an ice cave
 10871 | IceCv    | Received a gift from Trog
 11104 | IceCv    | Reached skill level 13 in Fighting
 11522 | IceCv    | Noticed a death yak
 11534 | IceCv    | Killed a death yak
 11552 | IceCv    | Reached skill level 14 in Fighting
 11920 | IceCv    | Noticed a death yak
 11920 | IceCv    | Noticed a frost giant
 11930 | IceCv    | Killed a frost giant
 11937 | IceCv    | Killed a death yak
 11938 | IceCv    | Reached ****** piety under Trog
 11943 | IceCv    | Received a gift from Trog
 12299 | Lair:3   | Reached XP level 13. HP: 90/124 MP: 5/16
 13016 | Lair:3   | Found a staircase to the Swamp.
 13424 | Lair:4   | Reached skill level 15 in Fighting
 14109 | Lair:4   | Received a gift from Trog
 15354 | Lair:5   | Reached skill level 16 in Fighting
 15392 | Lair:5   | Found a viscous altar of Jiyva.
 15393 | Lair:5   | Found a staircase to the Slime Pits.
 15653 | Lair:6   | Entered Level 6 of the Lair of Beasts
 15795 | Lair:6   | Reached skill level 15 in Dodging
 16107 | Lair:6   | Killed from afar by a lindwurm

Levels and vault maps discovered:
D:1:      eino_arrival_cavern_b, layout_basic, st_stairs_7
D:2:      layout_basic, uniq_crazy_yiuf_cottage, uniq_jessica
D:3:      layout_loops_ring, chequers_ecumenical_altar_island, uniq_natasha
D:4:      layout_rooms, st_stairs_12, grunt_ministairs_5
D:5:      layout_gridville, minmay_temple_entry_statues, first_ration,
          serial_shops, shop, shop, nicolae_shop_behind_doors,
          kennysheep_little_box, shop, portal_sewer_entry_f,
          chequers_serial_rivers_marsh, lemuel_flamethrower_2
D:6:      layout_rooms
D:7:      layout_loops_corners, serial_shops, kennysheep_mini, grunt_livestock,
          dk_noncrumbling_4, kennysheep_decorative_pillar,
          fedhas_altar_decomposition
D:8:      layout_loops_cross, uniq_grum
D:9:      layout_stronghold, nicolae_overflow_crystal_walls,
          chequers_serial_rivers_micro_c, uniq_prince_ribbit1, uniq_harold
D:10:     layout_cave_pools, hiddenorc2_lemuel, serial_shops,
          nicolae_shop_waterfront
D:11:     layout_long_grid, lair_entry_dummy
Lair:1:   dragon1_lemuel, layout_gridlike, ebering_ghost_disaster_area
Lair:2:   layout_regular_city, minmay_snake_entry_guardpost_small,
          roderic_carrion_pond, lemuel_fruit_tree
Lair:3:   layout_hall_layers, nicolae_swamp_entry_splash_gauntlet,
          portal_ice_cave_entry_ice_beasts, gammafunk_lair_bear_cave
Lair:4:   layout_misc_corridors, minivault_11, st_stairs_13
Lair:5:   layout_cave_pods, slime_altar_1, chequers_serial_rivers_small_a
Lair:6:   cheibrodos_lair_end_hotspot, layout_layer_cave, uniq_nessos

Skill      XL: |  1  2  3  4  5  6  7  8  9 10 11 12 13 |
---------------+----------------------------------------+-----
Polearms       | 4 5 6 7 8 9 11 12 14 | 14.0
Fighting       | 6 9 12 14 16 | 16.5
Dodging        | 5 8 10 11 13 15 | 15.1
Evocations     | 5 |  5.9
Armour         | |  2.4

Action                   |  1- 3 |  4- 6 |  7- 9 | 10-12 | 13-15 || total
-------------------------+-------+-------+-------+-------+-------++-------
Melee: Spear             |    83 |   167 |   142 |       |       ||   392
       Headbutt          |     5 |    27 |    62 |   152 |    96 ||   342
       Trident           |       |       |   248 |   476 |   408 ||  1132
       Kick              |       |       |    60 |    37 |       ||    97
       Glaive            |       |       |       |   353 |       ||   353
Invok: Berserk           |       |     1 |     4 |     3 |     1 ||     9
       Trog's Hand       |       |       |       |     1 |     1 ||     2
       Brothers in Arms  |       |       |       |     1 |       ||     1
Evoke: Wand              |       |       |       |     3 |       ||     3
  Use: Potion            |     3 |     5 |     4 |     1 |     1 ||    14
       Scroll            |     4 |     3 |     7 |     9 |     3 ||    26
 Stab: Sleeping          |       |       |     1 |     2 |     4 ||     7
       Distracted        |       |       |       |     1 |       ||     1
  Eat: Chunk             |       |     3 |    11 |    18 |    14 ||    46
       Ration            |       |     1 |     1 |     2 |       ||     4
Armor: Leather armour    |     6 |       |       |       |       ||     6
       Ring mail         |     6 |    29 |    77 |   173 |    57 ||   342
Dodge: Dodged            |    33 |    42 |   133 |   581 |   236 ||  1025
       Deflected         |       |       |       |       |     1 ||     1
